 Dungeon Crawl Stone Soup version 0.20-a0-947-g2784f4f (webtiles) character file.

86 AlphabetPasta the Charmwright (level 4, -2/36 (37) HPs)
             Began as a Ghoul Skald on Apr 3, 2017.
             Slain by an orc wizard
             ... wielding a +0 dagger
              (4 damage)
             ... on level 3 of the Dungeon.
             The game lasted 00:09:16 (1363 turns).

AlphabetPasta the Charmwright (Ghoul Skald)         Turns: 1363, Time: 00:09:16

HP:   -2/36 (37)    AC:  3    Str: 14    XL:     4   Next: 50%
MP:   0/6           EV: 12    Int:  9    God:
Gold: 57            SH:  0    Dex:  8    Spells: 2/7 levels left

rFire    . . .     SeeInvis .   a - +0 hand axe
rCold    + . .     Gourm    .   (no shield)
rNeg     + + +     Faith    .   b - +0 leather armour
rPois    ∞         Spirit   .   (no helmet)
rElec    .         Reflect  .   (no cloak)
rCorr    .         Harm     .   (no gloves)
MR       .....                  (no boots)
Stlth    +.........             (no amulet)
Regen    0.0/turn               (no ring)
MPRegen  0.1/turn               (no ring)

@: infused, rotting
A: rotting body, claws 1, carnivore 3, cold resistance 1, negative energy
resistance 3, inhibited regeneration, torment resistance, unbreathing
a: no special abilities


You were on level 3 of the Dungeon.
You were not hungry.

You visited 1 branch of the dungeon, and saw 3 of its levels.

You collected 57 gold pieces.

Inventory:

Hand Weapons
 a - a +0 hand axe (weapon)
Missiles
 h - 17 bolts
Armour
 b - a +0 leather armour (worn)
Scrolls
 n - a scroll of magic mapping
Potions
 e - a potion of haste
 g - a potion of curing {unknown}
 i - a potion of ambrosia {unknown}
 j - a potion of flight {unknown}
 k - a potion of degeneration {unknown}
 l - a potion of mutation {unknown}
Books
 c - a book of Battle

   Spells                             Type                      Level
   a - Infusion                       Charms                       1
   b - Shroud of Golubria             Charms/Translocation         2
   c - Song of Slaying                Charms                       2
   d - Spectral Weapon                Hexes/Charms                 3
   e - Regeneration                   Charms/Necromancy            3
Comestibles
 d - a meat ration


   Skills:
 + Level 2.5 Fighting
 * Level 2.5 Axes
 + Level 1.4 Armour
 + Level 2.2 Dodging
 + Level 2.1 Spellcasting
 * Level 3.3 Charms


You had 2 spell levels left.
You knew the following spells:

 Your Spells              Type           Power        Failure   Level  Hunger
a - Infusion              Chrm           #...         12%         1    ##.....
b - Song of Slaying       Chrm           #.......     17%         2    ###....
c - Shroud of Golubria    Chrm/Tloc      #.........   34%         2    ###....


Dungeon Overview and Level Annotations

Branches:
Dungeon (3/15)

Altars:
Dithmenos
Elyvilon
Fedhas
Vehumet


Innate Abilities, Weirdness & Mutations

Your body is rotting away.
You thrive on raw meat.
You are immune to poison.
You have sharp fingernails.
You are carnivorous and can eat meat at any time.
Your flesh is cold resistant. (rC+)
You are immune to negative energy. (rN+++)
You do not regenerate when monsters are visible.
You are immune to unholy pain and torment.
You can survive without breathing.


Message History

The orc wizard gestures at you while chanting.
The magic dart hits you!
* * * LOW HITPOINT WARNING * * *
The orc wizard hits you with a dagger.
* * * LOW HITPOINT WARNING * * *
You miss the orc wizard.
The orc wizard is almost dead.
The orc wizard hits you but does no damage.
You hit the orc wizard.
The orc wizard is almost dead.
The orc wizard closely misses you.
The orc wizard hits you but does no damage.
You closely miss the orc wizard.
The orc wizard is almost dead.
The orc wizard closely misses you. The orc wizard completely misses you.
You hit the orc wizard but do no damage.
The orc wizard is almost dead.
You feel your flesh rotting away. The orc wizard hits you with a dagger.
You die...

##### #.###.......####
#...###..#..###..(.... ##
###.#.#.##...........###
#.##.(.#....##.#######..###
######)..(#####.#.....#
#.....
?.....).....#...##..#.#
##.###
#.....)####.#.###.#.#.# #.#
##(###.
###....#....#.######.###
#.#......o@.#..#...........
....#.####..............###
.#. #. ###.############ ..
#. .# .# #. # #.


You could see an orc wizard.

Vanquished Creatures
  3 adders
  3 worms
  A leopard gecko (D:3)
  4 orcs (D:3)
  4 giant cockroaches
  7 goblins
  5 hobgoblins
  4 kobolds
  2 quokkas
  3 ball pythons
  6 frilled lizards
  3 rats
45 creatures vanquished.

Notes
Turn   | Place    | Note
-------+----------+-------------------------------------------
     0 | D:1      | AlphabetPasta the Ghoul Skald began the quest for the Orb.
     0 | D:1      | Reached XP level 1. HP: 17/17 MP: 2/2
    63 | D:1      | Reached skill level 1 in Armour
    92 | D:1      | Reached XP level 2. HP: 24/24 MP: 1/3
    96 | D:1      | Learned a level 2 spell: Song of Slaying
   412 | D:2      | Reached XP level 3. HP: 29/30 MP: 0/4
   440 | D:2      | Found a shadowy altar of Dithmenos.
   499 | D:2      | Reached skill level 3 in Charms
   936 | D:3      | Found a radiant altar of Vehumet.
   936 | D:3      | Found a blossoming altar of Fedhas.
   937 | D:3      | Found a white marble altar of Elyvilon.
   977 | D:3      | Reached XP level 4. HP: 25/37 MP: 2/6
   983 | D:3      | Learned a level 2 spell: Shroud of Golubria
  1363 | D:3      | Slain by an orc wizard

Vault maps used:
D:1:      dpeg_arrival_shrine, minmay_misc_feat_plants
D:2:      lemuel_doored_altar
D:3:      grunt_temple_overflow_open, tgw_fedhas

Skill      XL: |  1  2  3 |
---------------+----------+-----
Armour         | 1 |  1.4
Dodging        | 2 |  2.2
Axes           | 2 |  2.5
Charms         | 3 |  3.3
Spellcasting   | 2 |  2.1
Fighting       | |  2.5

Action                   |  1- 3 |  4- 6 || total
-------------------------+-------+-------++-------
Melee: Hand axe          |   114 |    51 ||   165
Throw: Javelin           |       |     4 ||     4
 Cast: Infusion          |     9 |     5 ||    14
       Song of Slaying   |     1 |       ||     1
  Use: Scroll            |     4 |       ||     4
       Potion            |     1 |     1 ||     2
  Eat: Chunk             |    15 |     3 ||    18
Armor: Leather armour    |    22 |     9 ||    31
Dodge: Dodged            |    70 |    24 ||    94
